 Dungeon Crawl Stone Soup version 0.31-a0-1529-g7bd419a0e5 (webtiles) character file.

Game seed: 12591080050327136363

267 demibob the Protected (level 6, 0/54 HPs)
             Began as a Deep Elf Chaos Knight on Dec 31, 2023.
             Was a Plaything of Xom.
             Slain by Grinder (3 damage)
             ... on level 3 of the Dungeon.
             The game lasted 00:04:24 (2042 turns).

demibob the Protected (Deep Elf Chaos Knight)       Turns: 2042, Time: 00:04:26

Health: 0/54       AC: 19    Str: 11    XL:     6   Next: 0%
Magic:  8/8        EV:  4    Int: 17    God:    Xom [...*..]
Gold:   44         SH:  0    Dex: 14    Spells: 5/5 levels left

rFire   . . .        a - +1 mace (chaos)
rCold   . . .        (no shield)
rNeg    . . .        f - +4 plate armour
rPois   .            (no helmet)
rElec   .            (no cloak)
rCorr   .            g - +0 pair of gloves
SInv    .            (no boots)
Will    .....        (no amulet) Stlth
                     (no ring)
HPRegen 0.29/turn    (no ring)
MPRegen 0.11/turn

%: no passive effects
@: confused, mighty, berserking, very quick
A: no striking features
a: Renounce Religion


You were on level 3 of the Dungeon.
You worshipped Xom.
You were a favourite toy of Xom.
You visited 1 branch of the dungeon, and saw 3 of its levels.

You collected 161 gold pieces.
You spent 117 gold pieces at shops.


   Skills:
 - Level 2.4 Fighting
 + Level 3.1 Maces & Flails
 + Level 8.1 Armour
 - Level 2.4 Dodging


You had 5 spell levels left.
You didn't know any spells.
Your spell library contained the following spells:

 Spells                   Type           Power      Damage    Failure   Level
 Call Imp                 Summ           0%         N/A       100%        2
 Sublimation of Blood     Necr           0%         N/A       100%        2
 Hailstorm                Conj/Ice       0%         3d5       100%        3
 Summon Ice Beast         Ice/Summ       0%         N/A       100%        3
 Sculpt Simulacrum        Ice/Alch       0%         N/A       100%        6
 Summon Hydra             Summ           0%         N/A       100%        7

Inventory:

Hand Weapons
 a - a +1 mace of chaos (weapon)
Armour
 f - a +4 plate armour (worn)
 g - a +0 pair of gloves (worn)
Scrolls
 b - 2 scrolls of teleportation {@r2}
 c - a scroll of butterflies

Dungeon Overview and Level Annotations

Branches:
Dungeon (3/15)

Altars:
Cheibriados
Elyvilon
Fedhas
Makhleb
Ru
Sif Muna
Trog
Vehumet
The Shining One

Shops:
D:1 !

Annotations:
D:3 Grinder

####.###....#÷.....##+##+##+##.#
#####.# #..#....###.#.........#.#
....#.# ........# #.#.8..8..8.#.#
###...# ........# #.#...^.....#.#
#.#...##....>bb.###)#####'#####.#
.#...........#..##............#.#
8#.8.........(..##.......†..†.#..
.#...##........5l#............5..
#.###.#........#@#...#......###..
##.8.##........#{############ #..
#.###.#.......b.o...##### #..
.#...##.........###o.?..#### ...
8#.8..........#............. #.#
.#.....#.....#####.........( ...
#.#....####### #...##....... <..
######## #.### ......o ... .).
.......


You could see Grinder, an orc priest (ally target) and a frilled lizard.


Message History

You barely miss Grinder.
Grinder is almost dead.
Grinder blinks!
The frilled lizard bites you.
* * * LOW HITPOINT WARNING * * *
A red film seems to cover your vision as you go berserk!
You feel yourself moving faster!
You feel mighty! Something completely misses you.
The frilled lizard bites you but does no damage.
You closely miss something. Grinder hits you.
* * * LOW HITPOINT WARNING * * *
You writhe in agony.
* * * LOW HITPOINT WARNING * * *
You miss something.
You hear some strange, mumbled words.
You are confused.
The frilled lizard bites you but does no damage.
Grinder says, "Just stop there for a second..."
Grinder hits you.
* * * LOW HITPOINT WARNING * * *
You writhe in agony.
* * * LOW HITPOINT WARNING * * *
You bump into the rock wall.
Your butterfly disappears in a puff of smoke!
The frilled lizard bites you but does no damage.
Something hits you but does no damage. Grinder hits you.
* * * LOW HITPOINT WARNING * * *
You writhe in agony.
You die...
Grinder sighs, "Dead already?
I want a refund."
Xom guffaws!

Skill      XL: |  1  2  3  4 |
---------------+-------------+-----
Armour         | 1 7 8 |  8.1
Maces & Flails | 3 |  3.1
Fighting       | |  2.4
Dodging        | |  2.4

Action                     |  1- 3 |  4- 6 || total
---------------------------+-------+-------++-------
  Melee: Mace              |    87 |   101 ||   188
    Use: Scroll            |     3 |     4 ||     7
         Potion            |       |     6 ||     6
   Stab: Confused          |     1 |     1 ||     2
 Armour: Leather armour    |    14 |       ||    14
         Plate armour      |   116 |   127 ||   243
  Dodge: Dodged            |    30 |    21 ||    51

Levels and vault maps discovered:
D:1:      wander_arrival_fairy_ring, layout_basic, serial_shops, shop,
          grunt_decor_junction, minmay_misc_feat_x, minmay_statues_item,
          minmay_3d_cube
D:2:      layout_rooms, hellmonk_ecumenical_altar_crossroads, basic_altar,
          chequers_avenue
D:3:      minmay_chambers_of_threes, layout_rooms, grunt_temple_overflow_open,
          nicolae_twisty_statue_hallways, uniq_grinder

Notes
Turn   | Place    | Note
-------+----------+-------------------------------------------
     0 | D:1      | demibob the Deep Elf Chaos Knight began the quest for the
                  | Orb.
     0 | D:1      | Reached XP level 1. HP: 13/13 MP: 3/3
    37 | D:1      | XOM: silly message
   116 | D:1      | Reached skill level 1 in Armour
   134 | D:1      | XOM: divination: detect items
   149 | D:1      | Found Cuihugaf's Distillery.
   168 | D:1      | Reached XP level 2. HP: 13/18 MP: 4/4
   372 | D:1      | XOM: divination: detect creatures
   476 | D:1      | XOM: potion effect (experience)
   476 | D:1      | Reached skill level 7 in Armour
   476 | D:1      | Reached XP level 3. HP: 22/22 MP: 5/5
   621 | D:1      | XOM: silly message
   638 | D:1      | XOM: divination: magic mapping
   953 | D:2      | Found a faded altar of an unknown god.
  1011 | D:2      | Reached XP level 4. HP: 24/27 MP: 6/6
  1041 | D:2      | XOM: noise
  1077 | D:2      | Found a burning altar of Makhleb.
  1344 | D:2      | XOM: 1-stop teleportation journey
  1601 | D:3      | a hound changed into a fire bat
  1601 | D:3      | Noticed a fire bat
  1601 | D:3      | XOM: polymorph hound -> fire bat
  1607 | D:3      | XOM: fake destruction
  1617 | D:3      | Killed a fire bat
  1618 | D:3      | Reached skill level 3 in Maces & Flails
  1618 | D:3      | Reached skill level 8 in Armour
  1618 | D:3      | Reached XP level 5. HP: 19/31 MP: 7/7
  1802 | D:3      | Noticed Grinder
  1802 | D:3      | XOM: cleaving
  1813 | D:3      | XOM: 1-stop teleportation journey
  1833 | D:3      | Found a sacrificial altar of Ru.
  1835 | D:3      | Found a blossoming altar of Fedhas.
  1836 | D:3      | Found a shimmering blue altar of Sif Muna.
  1836 | D:3      | Found a white marble altar of Elyvilon.
  1836 | D:3      | Found a glowing golden altar of the Shining One.
  1837 | D:3      | Found a radiant altar of Vehumet.
  1837 | D:3      | Found a bloodstained altar of Trog.
  1838 | D:3      | Found a snail-covered altar of Cheibriados.
  1890 | D:1      | Bought a potion of berserk rage for 65 gold pieces
  1890 | D:1      | Bought a potion of might for 52 gold pieces
  2016 | D:3      | XOM: god gift: scroll labelled GOYMAPN ZOAQOI {god gift}
  2030 | D:3      | XOM: enchant monster (good)
  2031 | D:3      | XOM: butterfly on damage
  2036 | D:3      | Reached XP level 6. HP: 25/36 MP: 8/8
  2042 | D:3      | HP: 3/54 [Grinder (4)]
  2042 | D:3      | Slain by Grinder

Vanquished Creatures
  A fire bat (D:3)
  An iguana (D:3)
  2 dart slugs
  2 ribbon worms (D:2)
  2 orcs (D:3)
  6 bats
  9 endoplasms
  2 giant cockroaches (D:2)
  5 goblins
  5 hobgoblins
  4 jackals (D:2)
  2 quokkas
  5 ball pythons
  5 frilled lizards
  6 kobolds
  3 rats
60 creatures vanquished.

Table legend: (Time is in decaauts)
 A = Elapsed time spent in this place.
 B = Non-inter-level travel time spent in this place.
 C = Inter-level travel time spent in this place.
 D = Time resting spent in this place.
 E = Time spent auto-exploring this place.
 F = Levels seen in this place.
 G = Mean time per level.
                   A        B        C        D        E       F      G
               +--------+--------+--------+--------+--------+-----+--------+
         Total |   2093 |   1958 |    135 |    100 |   1367 |   3 |  697.7 |
       Dungeon |   2093 |   1958 |    135 |    100 |   1367 |   3 |  697.7 |
               +--------+--------+--------+--------+--------+-----+--------+

Top non-repeatable levels by time:
     D:1: 917 daAuts
     D:2: 784 daAuts
     D:3: 391 daAuts

Table legend:
 A = Non-vault XP
 B = Vault XP
 C = Vault XP percentage of total XP
 D = Non-vault monster count
 E = Vault monster count
 F = Vault count percentage of total count
                 A         B        C        D         E       F
            +---------+---------+-------+---------+---------+-------
      Total |     337 |      11 |   3.2 |      54 |       6 |  10.0
            +---------+---------+-------+---------+---------+-------
        D:1 |      25 |      11 |  30.6 |      14 |       6 |  30.0
        D:2 |      53 |       0 |   0.0 |      27 |       0 |   0.0
        D:3 |     259 |       0 |   0.0 |      13 |       0 |   0.0
            +---------+---------+-------+---------+---------+-------
